 Dungeon Crawl Stone Soup version 0.25.1-2-g60ff931df9 (webtiles) character file.

Game seed: 7592486343737564568

166 todius the Poker (level 5, 0/42 HPs)
             Began as a Merfolk Fighter on Nov 8, 2020.
             Slain by Crazy Yiuf
             ... wielding a +3 quarterstaff of chaos
              (8 damage)
             ... on level 2 of the Dungeon.
             The game lasted 00:12:41 (2596 turns).

todius the Poker (Merfolk Fighter)                  Turns: 2596, Time: 00:12:43

Health: 0/42       AC:  6    Str: 17    XL:     5   Next: 47%
Magic:  5/5        EV:  8    Int:  8    God:
Gold:   73         SH:  9    Dex: 13    Spells: 4/4 levels left

rFire    . . .     SeeInvis .   a - +0 trident
rCold    . . .     Gourm    .   c - +0 kite shield
rNeg     . . .     Faith    .   b - +0 scale mail
rPois    .         Spirit   .   (no helmet)
rElec    .         Reflect  .   (no cloak)
rCorr    .         Harm     .   (no gloves)
MR       .....                  (no boots)
Stlth    ..........             (no amulet)
HPRegen  0.14/turn              (no ring)
MPRegen  0.09/turn              (no ring)

@: lethally poisoned (0 -> -4), lightly drained
A: change form in water, swift swim, stealthy swim
a: no special abilities


You were on level 2 of the Dungeon.
You were not hungry.

You visited 1 branch of the dungeon, and saw 2 of its levels.

You collected 73 gold pieces.

Inventory:

Hand Weapons
 a - a +0 trident (weapon)
Armour
 b - a +0 scale mail (worn)
 c - a +0 kite shield (worn)
Scrolls
 g - 2 scrolls of fog {unknown}
 i - a scroll of blinking {unknown}
 j - a scroll of fear {unknown}
 l - 2 scrolls of amnesia {unknown}
 n - 2 scrolls of identify {unknown}
 o - a scroll of enchant weapon {unknown}
 s - a scroll of immolation {unknown}
Potions
 d - a potion of might
 e - 4 potions of haste {unknown}
 h - a potion of heal wounds {unknown}
 k - 2 potions of curing {unknown}
 m - a potion of lignification {unknown}
 p - a potion of cancellation {unknown}
 r - a potion of stabbing {unknown}
Comestibles
 f - 4 rations
 q - 2 chunks of flesh


   Skills:
 + Level 4.1(3.8) Fighting
 + Level 4.4(4.1) Polearms
 + Level 2.8(2.5) Armour
 + Level 2.6(2.3) Dodging
 + Level 3.7(3.4) Shields


You had 4 spell levels left.
You didn't know any spells.
Your spell library was empty.

Dungeon Overview and Level Annotations

Branches:
Dungeon (2/15)

Altars:
The Shining One

Annotations:
D:2 Crazy Yiuf


Message History

You open the door.
Your shield prevents you from hitting Crazy Yiuf.
Crazy Yiuf hits you with a +3 quarterstaff of chaos!
Space bends around you.
You hit Crazy Yiuf but do no damage.
Crazy Yiuf hits you with a +3 quarterstaff of chaos.
You are poisoned.
You barely miss Crazy Yiuf.
You feel sick. Crazy Yiuf hits you but does no damage.
You hit Crazy Yiuf.
Crazy Yiuf is lightly wounded.
You feel sick. You block Crazy Yiuf's attack.
Your shield and scale mail prevent you from hitting Crazy Yiuf.
Crazy Yiuf is lightly wounded.
Crazy Yiuf hits you with a +3 quarterstaff of chaos.
You feel drained.
Crazy Yiuf hits you with a +3 quarterstaff of chaos!
* * * LOW HITPOINT WARNING * * *
You are electrocuted!
You die...

..........##.##.#
##....
..........##.##.##
#..#.#
.............##..#
#.##.#
#.....############
#.##.# ......# #.##.#
......# ♣♣♣♣♣##
##.##.# ......# ###
♣♣♣.♣...###..##.#
.....>#
#...#♣..♣......#.###.#
.)....#
#...g@♣♣♣♣.......# #.#
####### #)..#♣♣
♣♣..#..## #.# ###
♣♣##..# #.# #### #.#
#.# #.# #.# #.# #.#


You could see Crazy Yiuf.

Vanquished Creatures
  6 adders (D:2)
  6 gnolls (D:2)
  4 worms
  A dart slug (D:1)
  2 leopard geckos
  A ball python (D:2)
  3 giant cockroaches (D:2)
  5 hobgoblins
  3 kobolds
  A quokka (D:2)
  6 bats
  2 frilled lizards (D:1)
  3 goblins
  4 rats
47 creatures vanquished.

Notes
Turn   | Place    | Note
-------+----------+-------------------------------------------
     0 | D:1      | todius the Merfolk Fighter began the quest for the Orb.
     0 | D:1      | Reached XP level 1. HP: 18/18 MP: 1/1
   218 | D:1      | Reached XP level 2. HP: 24/24 MP: 2/2
   389 | D:1      | Reached skill level 1 in Dodging
   809 | D:2      | Reached XP level 3. HP: 28/29 MP: 3/3
  1293 | D:2      | Reached XP level 4. HP: 37/37 MP: 4/4
  1576 | D:2      | Found a glowing golden altar of the Shining One.
  1842 | D:2      | Reached XP level 5. HP: 39/42 MP: 5/5
  1953 | D:2      | Found a glowing golden altar of the Shining One.
  2215 | D:2      | Found a runed translucent door.
  2216 | D:2      | Noticed Crazy Yiuf
  2596 | D:2      | Slain by Crazy Yiuf

Illustrated notes

Levels and vault maps discovered:
D:1:      dpeg_arrival_brainrot, layout_basic
D:2:      layout_rooms, nicolae_overflow_hidden_temple, lemuel_statue_altar,
          uniq_crazy_yiuf_cottage

Skill      XL: |  1  2  3  4 |
---------------+-------------+-----
Dodging        | 1 2 |  2.6
Polearms       | 4 |  4.4
Fighting       | 4 |  4.1
Armour         | |  2.8
Shields        | |  3.7

Action                   |  1- 3 |  4- 6 || total
-------------------------+-------+-------++-------
Melee: Trident           |    97 |   114 ||   211
  Use: Potion            |     1 |       ||     1
  Eat: Ration            |     1 |       ||     1
       Chunk             |       |     2 ||     2
Armor: Scale mail        |    45 |    42 ||    87
Dodge: Dodged            |    32 |    33 ||    65
Block: Kite shield       |    34 |    56 ||    90
